 Dungeon Crawl Stone Soup version 0.26-a0-540-g8a0c9464d7 (webtiles) character file.

Game seed: 7435851331727568347

36 Harlander the Grasshopper (level 3, 0/32 HPs)
             Began as a Naga Warper on Aug 15, 2020.
             Was an Initiate of Nemelex Xobeh.
             Slain by an ooze (2 damage)
             ... on level 2 of the Dungeon.
             The game lasted 00:11:40 (1318 turns).

Harlander the Grasshopper (Naga Warper)             Turns: 1318, Time: 00:11:43

Health: 0/32       AC:  4    Str: 13    XL:     3   Next: 37%
Magic:  0/6        EV:  8    Int: 14    God:    Nemelex Xobeh [......]
Gold:   83         SH:  0    Dex: 10    Spells: 1/6 levels left

rFire    . . .     SeeInvis +   a - +0 falchion
rCold    . . .     Faith    .   (no shield)
rNeg     . . .     Spirit   .   c - +0 ring mail
rPois    +         Reflect  .   (no helmet)
rElec    .         Harm     .   g - +0 cloak
rCorr    .                      (no gloves)
MR       .....                  (no barding)
Stlth    +.........             (no amulet)
HPRegen  0.10/turn              (no ring)
MPRegen  0.10/turn              (no ring)

@: very slightly contaminated, very slow
A: large, see invisible, deformed body, poison resistance, slowness 2, spit
poison 1, AC +1
a: Spit Poison, Draw Escape, Draw Destruction, Draw Summoning, Renounce Religion


You were on level 2 of the Dungeon.
You worshipped Nemelex Xobeh.
Nemelex Xobeh was noncommittal.
You visited 1 branch of the dungeon, and saw 2 of its levels.

You collected 83 gold pieces.

Inventory:

Hand Weapons
 a - a +0 falchion (weapon)
Missiles
 f - 6 boomerangs (quivered)
Armour
 b - a +0 leather armour
 c - a +0 ring mail (worn)
 g - a +0 cloak (worn)
Scrolls
 d - a scroll of blinking
 e - 2 scrolls of identify
 i - 3 scrolls of remove curse
Potions
 h - 2 potions of degeneration {unknown}


   Skills:
 + Level 2.3 Fighting
 + Level 2.5 Long Blades
 + Level 1.2 Throwing
 + Level 1.2 Armour
 + Level 1.7 Dodging
 + Level 0.4 Stealth
 + Level 2.0 Spellcasting
 + Level 3.1 Translocations


You had one spell level left.
You knew the following spells:

 Your Spells              Type           Power        Failure   Level
a - Blink                 Tloc           N/A          22%         2
b - Gell's Gravitas       Tloc           ##........   38%         3

Your spell library contained the following spells:

 Spells                   Type           Power        Failure   Level
 Lesser Beckoning         Tloc           ##........   38%         3
 Teleport Other           Tloc           ##......     38%         3
 Passage of Golubria      Tloc           N/A          80%         4


Dungeon Overview and Level Annotations

Branches:
Dungeon (2/15)

Altars:
Nemelex Xobeh


Innate Abilities, Weirdness & Mutations

You cannot wear boots.
Your serpentine skin is tough. (AC +1)
You have supernaturally acute eyesight. (SInv)
Armour fits poorly on your strangely shaped body.
Your system is resistant to poisons. (rPois)
You cover ground very slowly.
You can spit poison.


Message History

You blink.
The ooze hits you.
* * * LOW HITPOINT WARNING * * *
Casting: Blink (safe; 22% risk of failure)
Confirm with . or Enter, or press ? or * to list all spells.
You miscast Blink.
You are very lightly contaminated with residual magic.
Nothing appears to happen.
The leopard gecko barely misses you. The ooze hits you but does no damage.
The leopard gecko bites you.
* * * LOW HITPOINT WARNING * * *
Casting: Blink (safe; 22% risk of failure)
Confirm with . or Enter, or press ? or * to list all spells.
You blink.
Throwing (i - inventory)
f - 6 boomerangs (quivered)
Press: ? - help, Shift-Dir - straight line, f - ooze
Aim: an ooze (black smoke, severely wounded)
You throw a boomerang. The boomerang hits the ooze.
The ooze is almost dead.
The ooze hits you.
You die...
Your body disappears without a glow.

..##.# #
.#..# ..
####+...##.##
#........#..
#....8.8..##
#.....§....#
#..8.....8.#
#..§§§<.l..#
#.#....§J@##
##.....##
#######


You could see an ooze and a leopard gecko.

Vanquished Creatures
  An adder (D:2)
  An ooze (D:2)
  3 giant cockroaches (D:1)
  4 goblins
  4 hobgoblins (D:1)
  2 jackals (D:1)
  A ball python (D:1)
  4 bats (D:1)
  2 kobolds (D:1)
22 creatures vanquished.

Vanquished Creatures (collateral kills)
  A giant cockroach (D:1)
1 creature vanquished.

Vanquished Creatures (others)
  4 toadstools (D:1)
4 creatures vanquished.

Grand Total: 27 creatures vanquished

Notes
Turn   | Place    | Note
-------+----------+-------------------------------------------
     0 | D:1      | Harlander the Naga Warper began the quest for the Orb.
     0 | D:1      | Reached XP level 1. HP: 19/19 MP: 3/3
   419 | D:1      | Reached skill level 1 in Throwing
   434 | D:1      | Reached XP level 2. HP: 18/26 MP: 5/5
   438 | D:1      | Learned a level 2 spell: Blink
   464 | D:1      | Found a sparkling altar of Nemelex Xobeh.
   472 | D:1      | Became a worshipper of Nemelex Xobeh the Trickster
   627 | D:1      | Received a gift from Nemelex Xobeh
   711 | D:1      | Reached skill level 1 in Armour
  1242 | D:1      | Reached XP level 3. HP: 32/32 MP: 6/6
  1247 | D:1      | Learned a level 3 spell: Gell's Gravitas
  1318 | D:2      | Slain by an ooze

Illustrated notes

Levels and vault maps discovered:
D:1:      ldierk_water_garden, layout_basic, nemelex_diamond_rough_becter
D:2:      layout_basic, lemuel_round_altar, grunt_ministairs_9,
          serial_park_tiny_1, kennysheep_path_1, minmay_vboxes, uniq_sigmund

Skill      XL: |  1  2 |
---------------+-------+-----
Throwing       | 1 |  1.2
Armour         | 1 |  1.2
Fighting       | |  2.3
Long Blades    | |  2.5
Dodging        | |  1.7
Stealth        | |  0.4
Spellcasting   | |  2.0
Translocations | |  3.1

Action                   || total
-------------------------++-------
Melee: Falchion          ||    77
Throw: Boomerang         ||    18
 Cast: Blink             ||     3
Invok: Draw Destruction  ||     2
       Draw Summoning    ||     1
       Draw Escape       ||     1
  Use: Scroll            ||     1
Armor: Leather armour    ||     7
       Ring mail         ||    36
Dodge: Dodged            ||    55
       Rpst.: Falchion   ||    18

Table legend: (Time is in decaauts)
 A = Elapsed time spent in this place.
 B = Non-inter-level travel time spent in this place.
 C = Inter-level travel time spent in this place.
 D = Time resting spent in this place.
 E = Time spent auto-exploring this place.
 F = Levels seen in this place.
 G = Mean time per level.
                   A        B        C        D        E       F      G
               +--------+--------+--------+--------+--------+-----+--------+
         Total |   1619 |   1511 |    108 |    240 |    941 |   2 |  809.5 |
       Dungeon |   1619 |   1511 |    108 |    240 |    941 |   2 |  809.5 |
               +--------+--------+--------+--------+--------+-----+--------+

Top non-repeatable levels by time:
     D:1: 1597 daAuts
     D:2: 21 daAuts
